 Dungeon Crawl Stone Soup version 0.17.2-1-ge4368a0 (webtiles) character file.

3043 Goblin1989 the Martial Artist (level 9, -3/62 HPs)
             Began as a Demonspawn Transmuter on July 25, 2016.
             Was an Initiate of Gozag.
             Slain by a large abomination (22 damage)
             ... on level 2 of the Abyss.
             The game lasted 00:28:47 (7626 turns).

Goblin1989 the Martial Artist (DsTm)                Turns: 7626, Time: 00:28:48

Health: -3/62      AC: 15    Str: 14    XL:     9   Next: 56%
Magic:  12/12      EV: 11    Int: 14    God:    Gozag
Gold:   574        SH:  0    Dex: 18    Spells: 3 memorised, 4 levels left

rFire  + . .     SeeInvis .       - Unarmed
rCold  . . .     Clarity  +     m - +3 ring mail
rNeg   . . .     SustAt   .     (no shield)
rPois  +         Gourm    .     o - +2 helmet
rElec  .         Spirit   .     (no cloak)
rCorr  .         Warding  .     x - +0 pair of gloves
rMut   .         Stasis   .     f - +2 pair of boots
MR     +....                    c - amulet of clarity
Stlth  ++........               i - ring of poison resistance
                                v - ring of protection from magic

@: somewhat resistant to hostile enchantments, unstealthy
A: talons 1, thin skeletal structure 2, fire resistance 1, spiny 1, flame cloud
immunity
a: Potion Petition, Call Merchant, Bribe Branch, Renounce Religion


You were on level 2 of the Abyss.
You worshipped Gozag.
Gozag was noncommittal.
You were not hungry.

You visited 2 branches of the dungeon, and saw 9 of its levels.
You visited the Abyss 1 time.
You also visited: Sewer.

You collected 946 gold pieces.
You spent 300 gold pieces at shops.
You paid 72 gold pieces to Gozag.

Inventory:

Missiles
 a - 30 arrows
 h - 11 arrows of dispersal
 B - 18 arrows of frost
Armour
 f - a +2 pair of boots (worn)
 m - a +3 ring mail (worn)
 o - a +2 helmet (worn)
 x - a +0 pair of gloves (worn)
Jewellery
 c - an amulet of clarity (around neck)
 i - a ring of poison resistance (right hand)
 t - an uncursed ring of protection from cold
 v - a ring of protection from magic (left hand)
Wands
 k - a wand of teleportation (4)
 q - a wand of digging (10)
Scrolls
 e - 3 scrolls of enchant weapon
 l - 7 scrolls of teleportation
 n - 2 scrolls of immolation
 p - 5 scrolls of remove curse
 s - a scroll of acquirement {unknown}
 u - a scroll of fear {unknown}
 w - a scroll of blinking
 y - 2 scrolls of magic mapping {unknown}
 A - 2 scrolls of fog
 C - a scroll of random uselessness {unknown}
Potions
 b - a potion of agility {unknown}
 g - a potion of poison
 j - 2 potions of heal wounds
 r - 2 potions of curing
 z - a potion of magic
Comestibles
 d - 4 bread rations


   Skills:
 * Level 2.7 Fighting
 - Level 1.7 Dodging
 - Level 10.1 Unarmed Combat
 + Level 2.4 Spellcasting
 - Level 7.0 Transmutations


You had 4 spell levels left.
You knew the following spells:

 Your Spells              Type           Power        Failure   Level  Hunger
a - Beastly Appendage     Trmt           ###...       2%          1    #......
b - Sticks to Snakes      Trmt           ###.......   4%          2    ###....
c - Blade Hands           Trmt           ###.......   77%         5    ######.


Dungeon Overview and Level Annotations

Branches:
Dungeon (8/15)             Temple (1/1) D:4
   Lair: D:8-11

Altars:
Ashenzari
Cheibriados
Dithmenos
Elyvilon
Fedhas
Gozag
Kikubaaqudgha
Makhleb
Nemelex Xobeh
Okawaru
Qazlal
Ru
Sif Muna
Trog
Vehumet
Xom
Yredelemnul
Zin
The Shining One

Shops:
D:4 }   D:5 (

Annotations:
D:8 exclusion: slave, Psyche


Innate Abilities, Weirdness & Mutations

You have sharp toenails.
You have a moderately thin skeletal structure (Dex +4, Stealth+).
Your flesh is heat resistant.
You are partially covered in sharp spines.
You are immune to clouds of flame.


Message History

You take 24 damage, and have 4/62 hp.
MASSIVE DAMAGE!!
Drink which item? (? for menu, Esc to quit)
You feel much better.
You regained 24 hp, and now have 29/62 hp.
Found a gateway leading deeper into the Abyss.
There is a gateway leading deeper into the Abyss here.
You plunge deeper into the Abyss.
Found a corrupted altar of Lugonu.
Found a scroll of fog.
A - 2 scrolls of fog (gained 1)
A large abomination comes into view.
You hit the large abomination but do no damage.
You barely miss the large abomination. The large abomination hits you.
You take 6 damage, and have 31/62 hp.
You barely miss the large abomination. The large abomination hits you!
You take 12 damage, and have 19/62 hp.
You hit the large abomination but do no damage.
The large abomination hits you!!
You die...
Your body crumbles into a pile of gold.

$ ## #. ## ####
......######
#....#..#.# . ##
#... #.#.## .##.##..
. #@##.###
#...........X.......
#.##......##.......
#...#.##._. ##.....
. ....#..### ..... $
. . . ....#.# ....
≈... ###..#.. ##. ..
#...##.. #. #.#..#
#..


You could see a large abomination.

Vanquished Creatures
  A steam dragon (D:6)
  A water moccasin (D:6)
  A phantom (D:7)
  An eye of draining (D:7)
  A sky beast (D:5)
  2 ogres
  A centaur (D:5)
  A black bear (D:6)
  A water moccasin zombie (D:6)
  2 giant frogs
  A scorpion (D:4)
  10 wights
  6 killer bees (D:6)
  A quasit (D:6)
  A centaur zombie (D:7)
  4 crimson imps
  A jelly (D:8)
  A gnoll shaman (D:4)
  A centaur skeleton (D:8)
  7 hounds
  2 orc wizards (D:7)
  An orc priest (D:6)
  4 worker ants
  A killer bee zombie (D:8)
  A hound zombie (D:6)
  5 gnolls
  A worker ant zombie (D:5)
  3 river rats (Sewer)
  4 adders
  3 shadow imps
  3 oozes
  An adder skeleton (D:6)
  6 worms
  7 giant geckos
  12 orcs
  4 bats
  7 giant cockroaches
  10 goblins
  7 hobgoblins
  7 jackals (D:4)
  6 quokkas
  3 ball pythons
  2 giant gecko skeletons
  A giant gecko zombie (D:8)
  14 giant newts
  A jackal skeleton (D:5)
  8 kobolds
  A quokka zombie (D:5)
  16 rats
186 creatures vanquished.

Vanquished Creatures (collateral kills)
  The ghost of Goblin1989 the Basher, a novice DsGl of Okawaru (D:5)
1 creature vanquished.

Grand Total: 187 creatures vanquished

Notes
Turn   | Place    | Note
--------------------------------------------------------------
     0 | D:1      | Goblin1989 the Demonspawn Transmuter began the quest for the Orb.
     0 | D:1      | Reached XP level 1. HP: 15/15 MP: 3/3
   128 | D:1      | Reached skill level 3 in Unarmed Combat
   317 | D:1      | Gained mutation: You have sharp toenails. [demonic ancestry]
   317 | D:1      | Reached XP level 2. HP: 21/21 MP: 5/5
   794 | D:1      | Gained mutation: Your flesh is heat resistant. [demonic ancestry]
   794 | D:1      | Reached XP level 3. HP: 23/26 MP: 4/6
  1227 | D:2      | Learned a level 2 spell: Sticks to Snakes
  1395 | D:2      | Reached skill level 4 in Unarmed Combat
  1550 | D:2      | Found a shadowy altar of Dithmenos.
  1902 | D:2      | Gained mutation: You are partially covered in sharp spines. [demonic ancestry]
  1902 | D:2      | Reached XP level 4. HP: 27/32 MP: 7/7
  2635 | D:3      | Reached XP level 5. HP: 21/37 MP: 8/8
  2637 | D:3      | Reached skill level 5 in Unarmed Combat
  3028 | D:4      | Found Wulyibit's Gadget Boutique.
  3068 | D:4      | Gained mutation: You have a somewhat thin skeletal structure (Dex +2, Stealth). [demonic ancestry]
  3068 | D:4      | Reached XP level 6. HP: 38/43 MP: 9/9
  3396 | D:4      | Found a staircase to the Ecumenical Temple.
  3411 | Temple   | Entered the Ecumenical Temple
  3589 | Temple   | Learned a level 5 spell: Blade Hands
  3590 | Temple   | Became a worshipper of Gozag Ym Sagoz the Greedy
  4102 | D:5      | Entered Level 5 of the Dungeon
  4113 | D:5      | Noticed Goblin1989's ghost (novice DsGl)
  4186 | D:5      | Reached skill level 6 in Unarmed Combat
  4186 | D:5      | Reached XP level 7. HP: 37/48 MP: 10/10
  4327 | D:5      | Killed Goblin1989's ghost
  4327 | D:5      | Reached skill level 7 in Unarmed Combat
  4450 | D:5      | Found Bunaam's Weapon Emporium.
  4631 | D:5      | Found a radiant altar of Vehumet.
  4634 | D:5      | Found a sacrificial altar of Ru.
  4634 | D:5      | Found a snail-covered altar of Cheibriados.
  4647 | D:5      | Reached skill level 5 in Transmutations
  4701 | D:5      | Found a stormy altar of Qazlal.
  5053 | D:6      | Gained mutation: You have a moderately thin skeletal structure (Dex +4, Stealth+). [demonic ancestry]
  5053 | D:6      | Reached XP level 8. HP: 54/54 MP: 11/11
  5088 | D:6      | Reached skill level 8 in Unarmed Combat
  5329 | D:6      | Found a white marble altar of Elyvilon.
  5441 | D:6      | Reached skill level 9 in Unarmed Combat
  5463 | D:6      | Gained mutation: You are immune to clouds of flame. [demonic ancestry]
  5463 | D:6      | Reached XP level 9. HP: 51/59 MP: 12/12
  5512 | D:6      | Found a glowing drain.
  5525 | Sewer    | Entered a sewer
  6528 | D:7      | Found a bloodstained altar of Trog.
  6567 | D:7      | Reached skill level 10 in Unarmed Combat
  6968 | D:4      | Bought a wand of digging (11) for 300 gold pieces
  7493 | D:8      | Noticed Psyche
  7520 | D:8      | Cast into the Abyss (Psyche)
  7569 | Abyss:1  | Noticed a stone giant zombie
  7603 | Abyss:2  | Found a corrupted altar of Lugonu.
  7626 | Abyss:2  | Slain by a large abomination

Action                   |  1- 3 |  4- 6 |  7- 9 || total
-------------------------+-------+-------+-------++-------
Melee: Unarmed           |   174 |   108 |   312 ||   594
 Cast: Beastly Appendage |    13 |       |       ||    13
       Sticks to Snakes  |       |       |     3 ||     3
Invok: Potion Petition   |       |       |     1 ||     1
Evoke: Wand              |       |       |    21 ||    21
  Use: Potion            |       |     1 |     6 ||     7
       Scroll            |       |       |    13 ||    13
 Stab: Distracted        |       |       |     7 ||     7
       Sleeping          |       |       |    10 ||    10
  Eat: Chunk             |     3 |     6 |       ||     9
       Fruit             |       |     5 |       ||     5
       Pizza             |       |     1 |       ||     1
       Meat ration       |       |       |     1 ||     1
       Bread ration      |       |       |     1 ||     1
